 Dungeon Crawl Stone Soup version 0.27.1-1-g398f81649c (webtiles) character file.

Game seed: 3672770748398866296

253 H0rd4k the Insei (level 6, 0/38 HPs)
             Began as an Octopode Transmuter on Sept 13, 2021.
             Engulfed by a steam dragon's steam (10 damage)
             ... on level 4 of the Dungeon on Sept 14, 2021.
             The game lasted 00:04:20 (3186 turns).

H0rd4k the Insei (Octopode Transmuter)              Turns: 3186, Time: 00:04:21

Health: 0/38       AC:  2    Str:  9    XL:     6   Next: 14%
Magic:  7/10       EV: 24    Int: 17    God:
Gold:   147        SH:  0    Dex: 18    Spells: 7/11 levels left

rFire    . . .     SeeInvis .     - Unarmed
rCold    . . .     Faith    .   (shield currently unavailable)
rNeg     . . .     Spirit   .   (helmet currently unavailable)
rPois    x         Reflect  .   (no amulet)
rElec    .         Harm     .   b - +4 ring of slaying
rCorr    .         Rampage  .   i - +4 ring of evasion
Will     .....                  (no ring)
Stlth    ++........             (no ring)
HPRegen  0.12/turn              (no ring)
MPRegen  0.12/turn              (no ring)
                                (no ring)
                                (no ring)

@: spider-form
A: venomous fangs, almost no armour, (amphibious), 8 rings, tiny, (camouflage
1), (gelatinous body 1), (nimble swimmer 1), (tentacles)
a: End Transformation


You were on level 4 of the Dungeon.
You were a venomous arachnid creature.
You visited 1 branch of the dungeon, and saw 4 of its levels.

You collected 147 gold pieces.

Inventory:

Jewellery
 b - a +4 ring of slaying (left front leg)
 i - a +4 ring of evasion (right front leg)
 l - an amulet of magic regeneration
 m - a +4 ring of evasion
Wands
 j - a wand of acid (11)
Scrolls
 a - 2 scrolls of identify {unknown}
 c - a scroll of noise {unknown}
 f - a scroll of enchant weapon {unknown}
 h - a scroll of magic mapping {unknown}
 k - a scroll of teleportation {unknown}
 n - 2 scrolls of enchant armour {unknown}
Potions
 d - 2 potions of heal wounds {unknown}
 e - a potion of magic {unknown}
 g - a potion of attraction {unknown}
 o - 2 potions of curing {unknown}
 p - a potion of flight {unknown}
 q - a potion of haste {unknown}


   Skills:
 + Level 1.1 Fighting
 + Level 3.0 Dodging
 + Level 5.1 Unarmed Combat
 * Level 3.0 Spellcasting
 * Level 3.0 Transmutations
 * Level 0.2 Poison Magic


You had 7 spell levels left.
You knew the following spells:

 Your Spells              Type           Power      Damage    Failure   Level
a - Beastly Appendage     Tmut           24%        N/A       14%         1
b - Spider Form           Tmut/Pois      4%         N/A       47%         3

Your spell library contained the following spells:

 Spells                   Type           Power      Damage    Failure   Level
 Wereblood                Tmut           12%        N/A       21%         2
 Foxfire                  Conj/Fire      8%         2x1d4     36%         1
 Summon Guardian Golem    Hex/Summ       2%         N/A       67%         3
 Ice Form                 Ice/Tmut       7%         N/A       85%         4
 Starburst                Conj/Fire      1%         6d3       100%        6
 Fire Storm               Conj/Fire      1%         7d1       100%        9


Dungeon Overview and Level Annotations

Branches:
Dungeon (4/15)
 Temple: D:4-7

Altars:

Shops:
D:1 [


Innate Abilities, Weirdness & Mutations

You are a venomous arachnid creature.
You have poisonous fangs.
You are tiny and dextrous.
Your spellcasting is less reliable in this form.
Your armour is entirely melded.
You are incapable of wielding weapons or throwing items.
You cannot wear most types of armour.
((You are amphibious.))
You can wear up to eight rings at the same time.
((Your skin changes colour to match your surroundings (Stealth+).))
((Your rubbery body absorbs attacks. (AC +1, EV +1)))
((You are camouflaged near water. (Stealth+)))
((You have tentacles for arms and can constrict up to eight enemies at once.))


Message History

A kobold is nearby!
The kobold shouts!
You barely miss the kobold. Your grab misses the kobold. The kobold misses you.
You barely miss the kobold. You grab the kobold. You constrict the kobold.
You tentacle-slap the kobold. Your squeeze misses the kobold.
The kobold is severely wounded.
You constrict the kobold.
You kill the kobold!
Things that are here:
a +0 dagger; 4 stones
Found 19 stones.
Found a scroll labelled PUDOTI YBUSE.
Found an escape hatch in the ceiling.
A black bear comes into view.
The black bear growls angrily.
A black bear is nearby!
You see here a scroll labelled PUDOTI YBUSE.
n - 2 scrolls labelled PUDOTI YBUSE (gained 1)
Casting: Spider Form (quite dangerous; 26% risk of failure)
Confirm with . or Enter, or press ? or * to list all spells.
The spell is quite dangerous to cast (26% risk of failure)!
Continue anyway?
You turn into a venomous arachnid creature.
Unknown command.
A steam dragon comes into view.
You bite the black bear!
The black bear is poisoned.
The black bear is moderately wounded.
The black bear bites you. The black bear claws you.
The black bear closely misses you.
You bite the black bear!
The black bear looks as sick as possible!
The black bear is severely wounded.
The steam dragon breathes steam at you. The ball of steam hits you!!
Ouch! That really hurt!
* * * LOW HITPOINT WARNING * * *
The black bear goes berserk!
You bite the black bear!
You kill the black bear!
You are engulfed in a cloud of scalding steam.
You die...

#........<......#
#......##.<....##
##.[.####......#
#...## ##....##
##....# #..>##
#.....## ##.##
#......# ##
#(.....# ##§.s.##
#§.†.....#
#§.#####.... #§.#
## #§# #§# #D. ..


There were no monsters in sight!

Vanquished Creatures
  A necrophage (D:3)
  A black bear (D:4)
  3 adders
  5 gnolls
  4 worms
  3 dart slugs
  An orc (D:3)
  9 bats
  6 endoplasms
  A giant cockroach (D:3)
  5 goblins
  9 hobgoblins
  2 jackals (D:1)
  3 quokkas
  6 ball pythons
  6 frilled lizards
  2 kobolds
  6 rats
73 creatures vanquished.

Notes
Turn   | Place    | Note
-------+----------+-------------------------------------------
     0 | D:1      | H0rd4k the Octopode Transmuter began the quest for the Orb.
     0 | D:1      | Reached XP level 1. HP: 13/13 MP: 3/3
   178 | D:1      | Reached XP level 2. HP: 18/18 MP: 5/5
   298 | D:1      | Found a faded altar of an unknown god.
   424 | D:1      | Reached XP level 3. HP: 13/23 MP: 6/6
   428 | D:1      | Learned a level 3 spell: Spider Form
  1207 | D:1      | Found Patzi's Armour Boutique.
  1387 | D:2      | Reached skill level 4 in Unarmed Combat
  1397 | D:2      | Reached XP level 4. HP: 22/28 MP: 7/7
  1895 | D:2      | Got the Disquisition on Ensnaring Ignition
  2344 | D:3      | Reached XP level 5. HP: 8/33 MP: 6/9
  2925 | D:3      | Noticed a necrophage
  2936 | D:3      | Killed a necrophage
  2937 | D:3      | Reached skill level 5 in Unarmed Combat
  2937 | D:3      | Reached XP level 6. HP: 38/38 MP: 7/10
  3179 | D:4      | Noticed a black bear
  3183 | D:4      | Noticed a steam dragon
  3186 | D:4      | Killed a black bear
  3186 | D:4      | Engulfed by a steam dragon's steam

Illustrated notes

Levels and vault maps discovered:
D:1:      dpeg_arrival_refuge, layout_loops_ring, serial_shops,
          nicolae_shop_behind_doors, basic_ecumenical_altar,
          corexii_corridor_pit
D:2:      layout_basic, minivault_4
D:3:      layout_loops_ring
D:4:      layout_cave_pods, serial_shops, kennysheep_little_box,
          roderic_batcave, uniq_pikel

Skill      XL: |  1  2  3  4  5 |
---------------+----------------+-----
Unarmed Combat | 4 5 |  5.1
Dodging        | 3 |  3.0
Spellcasting   | 3 |  3.0
Transmutations | 3 |  3.0
Fighting       | |  1.1
Poison Magic   | |  0.2

Action                   |  1- 3 |  4- 6 || total
-------------------------+-------+-------++-------
Melee: Unarmed           |    78 |    83 ||   161
       Constrict         |    17 |    14 ||    31
       Tentacles         |    11 |     6 ||    17
       Punch             |     1 |     1 ||     2
 Cast: Spider Form       |       |     5 ||     5
 Stab: Sleeping          |    10 |     4 ||    14
Armor: Skin              |     9 |       ||     9
Dodge: Dodged            |    35 |    60 ||    95
